 Dungeon Crawl Stone Soup version 0.31-a0-801-gc67433417a (webtiles) character file.

Game seed: 11862258428830132474

2 Revguard the Shield-Bearer (level 1, -14/18 HPs)
             Began as a Formicid Fighter on Sept 20, 2023.
             Demolished by a goblin
             ... wielding a +0 dagger of electrocution
              (18 damage)
             ... on level 1 of the Dungeon.
             The game lasted 00:00:22 (32 turns).

Revguard the Shield-Bearer (Formicid Fighter)         Turns: 32, Time: 00:00:23

Health: -14/18     AC:  6    Str: 20    XL:     1   Next: 33%
Magic:  1/1        EV:  6    Int:  7    God:
Gold:   0          SH:  5    Dex: 13    Spells: 0/0 levels left

rFire   . . .        a - +0 war axe
rCold   . . .        c - +0 buckler
rNeg    . . .        b - +0 scale mail
rPois   .            (helmet unavailable)
rElec   .            (no cloak)
rCorr   .            (no gloves)
SInv    +            (no boots)
Will    .....        (no amulet) Stlth
                     (no ring)
HPRegen 0.23/turn    (no ring)
MPRegen 0.07/turn

%: no passive effects
@: constricted
A: permanent stasis, dig shafts and tunnels, antennae 3, four strong arms
a: Dig, Shaft Self


You were on level 1 of the Dungeon.
You visited 1 branch of the dungeon, and saw 1 of its levels.

Inventory:

Hand Weapons
 a - a +0 war axe (weapon)
Armour
 b - a +0 scale mail (worn)
 c - a +0 buckler (worn)
Potions
 d - a potion of might


   Skills:
 * Level 3.3 Fighting
 * Level 2.0 Axes
 + Level 3.3 Armour
 + Level 0.0 Dodging
 + Level 4.0 Shields
 + Level 0.1 Invocations
 + Level 0.1 Evocations


You couldn't memorise any spells.
You didn't know any spells.
Your spell library was empty.

Dungeon Overview and Level Annotations

Branches:
Dungeon (1/15)

Altars:


Innate Abilities, Weirdness & Mutations

You cannot be hasted, slowed, berserked, paralysed or teleported.
You can dig through walls and to a lower floor.
You have a pair of large antennae on your head. (SInv)
Your four strong arms can wield two-handed weapons with a shield.


Message History

Found a mace.
Found a stone staircase leading down.
Found 4 stones.
You sense a monster nearby.
A kobold comes into view. It is wielding a +0 dagger.
Found a ring mail.
The kobold shouts!
You hear a shout!
An endoplasm comes into view.
A goblin comes into view.
It is wielding a +0 dagger of electrocution.
Found a ring mail and 16 gold pieces.
The kobold completely misses you.
A frilled lizard comes into view.
You completely miss the kobold.
The frilled lizard hisses angrily.
The kobold hits you with a +0 dagger.
A ball python comes into view.
The kobold hits you but does no damage.
You miss the kobold. You hit the endoplasm.
The kobold hits you with a +0 dagger. The endoplasm freezes you.
You are frozen.
You slash the kobold!
You kill the kobold!
You barely miss the endoplasm. The endoplasm freezes you.
You are frozen.
The endoplasm hits you.
You barely miss the goblin. You slash the endoplasm!
You kill the endoplasm!
The goblin hits you with a +0 dagger of electrocution.
You barely miss the ball python. You closely miss the frilled lizard.
You miss the goblin. You block the ball python's attack.
The ball python grabs you. The ball python constricts you.
* * * LOW HITPOINT WARNING * * *
The frilled lizard bites you but does no damage.
You block the goblin's attack. The ball python barely misses you.
The ball python constricts you.
The goblin hits you with a +0 dagger of electrocution.
* * * LOW HITPOINT WARNING * * *
You are electrocuted!!
Ouch! That really hurt!
You die...

#. #.###~8~~≈§~~ #.
#.# #~~~§≈≈≈~ ##.##
#.# ##.......
#...###.#########..
...###.#........>....
..
#.......###.########
..######.# #.#
#......#.# #.# ,
#g@.# #.# $[.[..S#l#
#.# #.##.#.#(# #.# #
#.... #.# #....#
...... ....... ..
....


You could see a goblin, a ball python and a frilled lizard.

Vanquished Creatures
  An endoplasm (D:1)
  A kobold (D:1)
2 creatures vanquished.

Notes
Turn   | Place    | Note
-------+----------+-------------------------------------------
     0 | D:1      | Revguard the Formicid Fighter began the quest for the Orb.
     0 | D:1      | Reached XP level 1. HP: 18/18 MP: 1/1
    32 | D:1      | Demolished by a goblin

Illustrated notes

Levels and vault maps discovered:
D:1:      lightli_arrival_boilingwater, layout_loops_ring, minmay_tromino_mix6

Action                     || total
---------------------------++-------
  Melee: War axe           ||     5
 Armour: Scale mail        ||     7
  Dodge: Dodged            ||     2
  Block: Buckler           ||     2

Table legend: (Time is in decaauts)
 A = Elapsed time spent in this place.
 B = Non-inter-level travel time spent in this place.
 C = Inter-level travel time spent in this place.
 D = Time resting spent in this place.
 E = Time spent auto-exploring this place.
 F = Levels seen in this place.
 G = Mean time per level.
                   A        B        C        D        E       F      G
               +--------+--------+--------+--------+--------+-----+--------+
         Total |     35 |     35 |      0 |      0 |     21 |   1 |   35.0 |
       Dungeon |     35 |     35 |      0 |      0 |     21 |   1 |   35.0 |
               +--------+--------+--------+--------+--------+-----+--------+

Top non-repeatable levels by time:
     D:1: 35 daAuts
